[Event "*** SCC Grand Prix: Titled Tuesday Blitz"]
[Site "Chess.com"]
[Date "2020.07.14"]
[Round "10"]
[White "XxPetroffsxX"]
[Black "mfwagnerpeixoto"]
[Result "0-1"]
[WhiteElo "1968"]
[BlackElo "2236"]
[TimeControl "180+1"]
[EndTime "12:00:09 PDT"]
[Termination "mfwagnerpeixoto won on time"]

1. e4 c5 2. Nc3 Nc6 3. g3 g6 4.
Bg2 Bg7 5. d3 d6 6. Be3 h5 7. h4 Nf6 8. Nge2 Ng4 9. Bc1 e6 10. O-O Bd7 11. a3 Rb8 12. Rb1 a5 13. f3 Nge5 14. Be3 b5 15. d4 Nc4 16. Bf2 cxd4 17.
Nxd4 Nxd4 18. Bxd4 Be5 19. f4 Bxd4+ 20. Qxd4 Qb6 21.
Qxb6 Rxb6 22. b4 Nxa3 23. Rb3 axb4 24. Rxb4 Nxc2 25. Rb2 Ne3 26. Rfb1 Nxg2 27. Kxg2 Ke7 28. Rb4 Rc8 29. R1b3 Rc5 30. Kf3 f5 31. exf5 gxf5 32. Ke3 Bc6 33. Kd4 Bd7 34. Rb2 Rb8 35. Na4 Rd5+ 36.
Ke3 Rb7 37. Nc3 Rc5 38. Na4 Rc1 39. Kd2 Rg1 40. Nc3 Rxg3 41. Ne2 Rg2 42. Ke3 Bc6 43. Nd4 Rxb2 44. Nxc6+ Kd7 45. Rxb2 Kxc6 46. Kd4 Kd7 47. Rb4 Rb6 48. Ke3 Ke7 49. Kd4 Kf6 50. Rb2 Rc6 51.
Rxb5 Rc2 52. Kd3 Rh2 53. Ke3 Rxh4 54. Rb8 Rh3+ 55. Kf2 e5 56. Rf8+ Ke6 57. fxe5 dxe5 58. Re8+ Kd5 59. Ra8 Rd3 60. Rd8+ Ke4 0-1

[Event "*** SCC Grand Prix: Titled Tuesday Blitz"]
[Site "Chess.com"]
[Date "2020.07.14"]
[Round "10"]
[White "Jospem"]
[Black "Mikhail_Golubev"]
[Result "1-0"]
[WhiteElo "2811"]
[BlackElo "2600"]
[TimeControl "180+1"]
[EndTime "12:00:18 PDT"]
[Termination "Jospem won on time"]

1. e4 c5 2. Nf3 d6 3. c3 Nf6 4. Bd3 Bd7 5. O-O Bc6 6. Re1 Nbd7 7. Bc2 e6 8. d4 cxd4 9. cxd4 d5 10. e5 Ne4 11. Nc3 Bb4 12. Re3 Bxc3 13. bxc3 Nb6 14. Nd2 Nxd2 15. Bxd2 Nc4 16. Rg3 Nxd2 17. Qxd2 g6 18.
Qf4 Qe7 19. a4 a5 20. h4 h5 21. Rf3 Rf8 22. g3 O-O-O 23. Qd2 Kc7 24. Rf6 Ra8 25. Bd3 b6 26. Qf4 Kb7 27. Kh2 Ka7 28. Qd2 Rac8 29. Qb2 Rb8 30. Qb3 Qd7 31. Bf1 Rfc8 32. Qa3 Rc7 33.
Qb3 Qe7 34. Bd3 Be8 35. Be2 Qd7 36. Qa3 Qc6 37. Rf3 Rbc8 38. Qb2 Qb7 39. Ra3 Re7 40. Rf6 Rec7 41. Bf1 Re7 42. Rf3 Rec7 43. Kg1 Re7 44. Re3 Rec7 45. Re1 Re7 46. Rb1 Rec7 47. Rb3 Rb8 48. Qa3 Rbc8 49. Rxb6 Qxb6 50. Rxb6 Kxb6 51.
Qd6+ Rc6 52. Qe7 Rxc3 53. Bb5 Bxb5 54. axb5 R3c7 55. Qa3 Kxb5 56. Qb3+ Ka6 57. Kg2 Rb7 58. Qd3+ Ka7 59. Qa3 Ka6 60. Qd6+ Ka7 61. Qa3 Ka6 62. Kf3 Rcb8 63. Kf4 Rb4 64. Kg5 R8b7 65. Kf6 a4 66. Qd3+ Rc4 67. Qa3 Rcb4 68. Qc3 Rc4 69. Qa1 Rcb4 70.
f3 Rc4 71. g4 Ka5 72. gxh5 1-0

[Event "*** SCC Grand Prix: Titled Tuesday Blitz"]
[Site "Chess.com"]
[Date "2020.07.14"]
[Round "10"]
[White "TheNextLevelFan"]
[Black "Khazieva_Elza"]
[Result "0-1"]
[WhiteElo "2503"]
[BlackElo "2345"]
[TimeControl "180+1"]
[EndTime "12:00:18 PDT"]
[Termination "Khazieva_Elza won by resignation"]

1. d4 Nf6 2. c4 d6 3. Nc3 Bf5 4. f3 e5 5. e4 exd4 6. Qxd4 Nc6 7. Qf2 Be6 8. b3 Be7 9. Bb2 O-O 10. Bd3 Nd7 11. Nge2 Nc5 12. Bb1 Bf6 13. O-O a5 14. Rd1 a4 15. Bc2 a3 16. Bc1 Nb4 17. Nd4 Bxd4 18. Rxd4 Qf6 19. Be3 Nc6 20. Rad1 Nxd4 21.
Bxd4 Qe7 22. Qg3 f6 23. f4 Bf7 24. e5 Nd7 25. exd6 cxd6 26. Re1 Qd8 27. Qh4 Bg6 28.
f5 Bf7 29. Nd5 Bxd5 30. cxd5 Ne5 31. Re3 Rc8 32. Be4 Rc1+ 33. Kf2 Qc8 34. Rh3 h6 35. Re3 Rc2+ 36. Bxc2 Qxc2+ 37. Kg3 Qxf5 38. Qh3 Qg5+ 39. Kf2 Qf4+ 40. Ke2 Qxd4 41. Qe6+ Kh8 42. Qe7 Qb2+ 43. Kf1 Rc8 44. Re1 Qxa2 45. Qe6 Rd8 46.
Qf5 Qxb3 47. Kg1 Qb6+ 48. Kh1 a2 49. h3 Qb4 50. Rf1 Qc4 51. Qf2 Qxd5 52. Rc1 Re8 53. Re1 Rf8 54. Qb2 Nd3 55. Qd2 Qc4 56. Rd1 Nb4 57. Rc1 Qb3 58. Rd1 Qxd1+ 59. Qxd1 Ra8 60. Qa1 Nc2 61. Qc3 a1=Q+ 62. Qxa1 Nxa1 63. Kh2 Nb3 64. Kg3 d5 65. Kh4 d4 66. g4 Rd8 67. Kh5 d3 68.
Kg6 d2 69. h4 d1=Q 70. g5 Qd3+ 71. Kh5 fxg5 72. hxg5 g6+ 73. Kxh6 Qh3+ 74. Kxg6 Rd6+ 75. Kf7 Qe6+ 0-1

[Event "*** SCC Grand Prix: Titled Tuesday Blitz"]
[Site "Chess.com"]
[Date "2020.07.14"]
[Round "10"]
[White "Manukyan_Artak"]
[Black "Aguiar94"]
[Result "1/2-1/2"]
[WhiteElo "2377"]
[BlackElo "2531"]
[TimeControl "180+1"]
[EndTime "12:00:19 PDT"]
[Termination "Game drawn by repetition"]

1. e4 c5 2. Nf3 e6 3. c3 d5 4.
e5 d4 5. cxd4 cxd4 6. Bb5+ Bd7 7. Nxd4 a6 8. Be2 Qc7 9. Nf3 Bc6 10. d4 Nd7 11. Nc3 Ne7 12. Be3 Nf5 13. O-O Nb6 14. Rc1 Rd8 15. Qb3 Be7 16. Rfd1 O-O 17. Rd2 Rd7 18.
Ne4 Nd5 19. Nc5 Rdd8 20. Bg5 Bxg5 21. Nxg5 Nf4 22. Bf1 h6 23. Nf3 Bd5 24. Qd1 Qb6 25. b3 Qb4 26. Nd3 Nxd3 27. Rxd3 Be4 28. Rc4 Qa5 29.
Qd2 Qb6 30. Rdc3 Nxd4 31. Nxd4 Bd5 32. Qe3 Bxc4 33. Rxc4 Qa5 34. a4 Rd5 35. f4 Rfd8 36. Nf3 Rd1 37. Kf2 b5 38. axb5 axb5 39. Rd4 R8xd4 40. Nxd4 Qa2+ 41. Be2 b4 42. Nf3 Rb1 43. Nd4 Rb2 44. Qd3 Rd2 45. Qc4 Qb2 46. Ke3 Qc3+ 47. Bd3 Rd1 48. Qxc3 bxc3 49. b4 g6 50. b5 Rd2 51. b6 Rb2 52. Bb5 c2 53. Kd2 Rb4 54. b7 Rxd4+ 55. Kxc2 Rd8 56. Bd7 Rb8 57. Bc8 Kf8 58. Kd3 Ke7 59. Ke4 Kd8 60. g4 Rxc8 61. bxc8=Q+ Kxc8 62. f5 Kd7 63. fxg6 fxg6 64. Kd4 Kc6 65.
Kc4 Kb6 66. Kb4 Kc6 67. Kc4 Kb6 68. Kb4 Kc6 69. Kc4 1/2-1/2

[Event "*** SCC Grand Prix: Titled Tuesday Blitz"]
[Site "Chess.com"]
[Date "2020.07.14"]
[Round "10"]
[White "UCantHandleDenker"]
[Black "bocah_sakit"]
[Result "1-0"]
[WhiteElo "2561"]
[BlackElo "2686"]
[TimeControl "180+1"]
[EndTime "12:00:21 PDT"]
[Termination "UCantHandleDenker won on time"]

1. Nf3 Nf6 2. g3 g6 3. Bg2 Bg7 4. O-O O-O 5. d3 d5 6. Nbd2 c5 7. e4 Nc6 8. Re1 e5 9. exd5 Nxd5 10. a3 h6 11. Rb1 Re8 12. Ne4 b6 13. c4 Nc7 14. b4 cxb4 15. axb4 Rb8 16. b5 Nd4 17. Nxd4 exd4 18. Ra1 a5 19. bxa6 Nxa6 20. Bf4 Nc7 21. Ra7 Be5 22. Bxh6 Ne6 23. h4 b5 24. cxb5 Qb6 25. Ra1 Bb7 26. Rb1 Re7 27. Ng5 Nxg5 28. Bxg5 f6 29. Bd2 Bxg2 30. Kxg2 Qb7+ 31.
Qf3 Qxf3+ 32. Kxf3 Reb7 33. Bf4 Rxb5 34. Rxb5 Rxb5 35.
Bxe5 fxe5 36. Re2 Kf7 37. Ke4 Ke6 38. f4 exf4 39. Kxf4+ Kf6 40. Rc2 Rf5+ 41. Ke4 Rf1 42.
Rc6+ Kg7 43. Rc7+ Kf6 44. Rc6+ Kg7 45. g4 Rh1 46. Rc7+ Kf6 47. g5+ Ke6 48. Rc6+ Kf7 49. Rf6+ Kg7 50. Rf4 Re1+ 51. Kxd4 Re8 52. Kc4 Rc8+ 53.
Kd5 Re8 54. d4 Rd8+ 55. Kc5 Rc8+ 56. Kd6 Rd8+ 57. Ke7 Rd5 58. Ke6 Rd8 59. d5 Re8+ 60. Kd7 Ra8 61. d6 Ra7+ 62. Ke6 Ra6 63. Ke7 Ra1 64.
Re4 Ra8 65. d7 Ra7 66. Ke8 Ra8+ 67. d8=Q 1-0

[Event "*** SCC Grand Prix: Titled Tuesday Blitz"]
[Site "Chess.com"]
[Date "2020.07.14"]
[Round "10"]
[White "Siniauski"]
[Black "vaishali2001"]
[Result "1-0"]
[WhiteElo "2499"]
[BlackElo "2599"]
[TimeControl "180+1"]
[EndTime "12:00:21 PDT"]
[Termination "Siniauski won by resignation"]

1. e4 c5 2. Nf3 Nc6 3. Bb5 g6 4. Bxc6 bxc6 5. O-O Bg7 6. Re1 Nh6 7. c3 O-O 8. h3 d5 9. d3 f6 10. c4 Nf7 11. Nc3 d4 12. Ne2 e5 13. Ng3 Rb8 14.
b3 Qa5 15. Qd2 Qxd2 16. Nxd2 Nd8 17. Ne2 Ne6 18. g3 Rb7 19. Kg2 Re7 20. a4 a5 21.
f4 exf4 22. gxf4 f5 23. e5 g5 24. Nf3 h6 25. Bd2 gxf4 26. Nxf4 Nxf4+ 27. Bxf4 Rb7 28. Rab1 Be6 29. Nd2 Rfb8 30. Kf3 Kh7 31. Rg1 Bf7 32.
Rg2 Bh5+ 33. Kf2 Re8 34. Re1 Rbe7 35. Nf1 Bxe5 36. Bxe5 Rxe5 37. Rxe5 Rxe5 38. Ng3 Bd1 39. Rg1 Bxb3 40. Ra1 Kg6 41. Ra3 Bc2 42. Nf1 Kf6 43. Kf3 Bd1+ 44. Kf2 Re2+ 45. Kg3 Ke5 46. h4 f4+ 47.
Kh3 Rf2 48. Nh2 Kf5 49. Ra1 Be2 50. Re1 h5 51. Rg1 Bxd3 52. Rg5+ Ke4 53. Rxh5 Ke3 54. Ng4+ Ke2 55. Nxf2 Kxf2 56. Rxc5 f3 57. Rxc6 Ke1 58. Re6+ Kd2 59. Kg3 Be2 60. Kf2 d3 61. h5 Kc1 62.
Rd6 d2 63. h6 Kc2 64. Rxd2+ Kxd2 65. h7 Bxc4 66. h8=Q Kc2 67. Qa1 Kb3 68. Kxf3 1-0

[Event "*** SCC Grand Prix: Titled Tuesday Blitz"]
[Site "Chess.com"]
[Date "2020.07.14"]
[Round "10"]
[White "GiantThresher"]
[Black "vova-79"]
[Result "1-0"]
[WhiteElo "2648"]
[BlackElo "2485"]
[TimeControl "180+1"]
[EndTime "12:00:25 PDT"]
[Termination "GiantThresher won on time"]

1. e4 e6 2. d4 d5 3. Bd3 c5 4.
exd5 exd5 5. Nf3 c4 6. Be2 Nc6 7. O-O Bd6 8. b3 cxb3 9. axb3 Nge7 10. Ba3 O-O 11. Bd3 Bf5 12. c3 a6 13. h3 Re8 14.
Re1 Bxa3 15. Rxa3 Qd6 16. Ra2 Bxd3 17. Qxd3 Ng6 18. Rae2 Kf8 19. g3 Rxe2 20. Qxe2 Qd7 21. h4 Re8 22. Qxe8+ Qxe8 23. Rxe8+ Kxe8 24. h5 Nge7 25.
g4 f6 26. Kg2 g6 27. Kg3 Kf7 28. Nbd2 b6 29. Kf4 g5+ 30. Ke3 h6 31. Ne1 f5 32. f3 Ke6 33. Nc2 a5 34. c4 Nd8 35.
Na3 Nb7 36. Nb5 fxg4 37. fxg4 Nd6 38. Nc7+ Kd7 39. Nxd5 Nxd5+ 40. cxd5 b5 41. Nf3 Ke7 42. Ne5 a4 43. bxa4 bxa4 44. Kd3 a3 45. Kc2 Nb5 46. Kb3 Nxd4+ 47. Kxa3 Kd6 48. Nf7+ Kxd5 49. Nxh6 Ke5 50. Kb4 Kf6 51. Kc4 Ne2 52. Kd3 Nf4+ 53. Ke4 Ne6 54.
Nf5 Nc5+ 55. Kf3 Ne6 56. Ng3 Kg7 57. Ne4 Kh6 58. Nd6 Nd4+ 59. Ke3 Ne6 60. Nf5+ Kh7 61.
Ke4 Nf4 62. Nd6 Nh3 63. Kf5 Kg7 64. Ne4 Kh6 65. Kf6 Nf4 66. Kf5 Nh3 67. Kf6 Nf4 68. Nxg5 Nd5+ 69. Kf5 Ne7+ 70. Ke6 Nc6 71. Nf3 Nb4 72. Kf5 Nd3 73. Ke4 Nf2+ 74. Kf4 Nh3+ 75. Kg3 Ng5 76. Nxg5 Kxg5 77. Kh3 1-0

[Event "*** SCC Grand Prix: Titled Tuesday Blitz"]
[Site "Chess.com"]
[Date "2020.07.14"]
[Round "10"]
[White "sorito"]
[Black "nocnypako"]
[Result "1/2-1/2"]
[WhiteElo "2471"]
[BlackElo "2592"]
[TimeControl "180+1"]
[EndTime "12:00:29 PDT"]
[Termination "Game drawn - insufficient material"]

1. Nf3 Nf6 2. g3 g6 3. Bg2 Bg7 4. O-O O-O 5. c4 d5 6. cxd5 Nxd5 7. Nc3 Nc6 8. d4 Nxc3 9. bxc3 e5 10. e3 exd4 11.
cxd4 Rb8 12. Ba3 Re8 13. Rc1 Bd7 14. Qd2 Ne7 15. Qa5 Bc6 16. Ne5 Bxg2 17. Kxg2 Bxe5 18. Qxe5 Qd5+ 19. Qxd5 Nxd5 20. Rb1 f5 21. Rfc1 c6 22.
Bd6 Rbd8 23. Be5 Rd7 24. Rb3 Kf7 25. a4 Ke6 26. f3 Ree7 27. a5 Nf6 28. a6 Nd5 29.
axb7 Rxb7 30. Rxc6+ Kf7 31. Rxb7 Rxb7 32. e4 fxe4 33.
fxe4 Ne7 34. Rf6+ Ke8 35. Ra6 Kd7 36. d5 Nc8 37. Bd4 Rb4 38. Bxa7 Rxe4 39. Bb8 Rd4 40. Rf6 Rxd5 41. Rf7+ Ke6 42. Rxh7 Rd2+ 43. Kh3 Ne7 44. Ba7 Rd8 45. Bc5 Nf5 46. Ra7 Rc8 47. Ra6+ Kf7 48. Bf2 Rc2 49. Kg2 Rb2 50. Ra3 g5 51. g4 Nh4+ 52. Kh3 Ng6 53. Bg3 Rc2 54.
Ra7+ Kf6 55. Ra6+ Kg7 56. Ra5 Kh6 57. Ra6 Rb2 58. Bd6 Kh7 59. Ra7+ Kh6 60. Ra6 Kh7 61.
Kg3 Rb3+ 62. Kg2 Nh4+ 63. Kf2 Rf3+ 64. Ke2 Rf6 65. Rb6 Kg6 66. h3 Nf3 67. Bc5 Rxb6 68.
Bxb6 Ne5 69. Ke3 Nc4+ 70. Kf3 Nxb6 71. Kg3 Nc4 72. h4 Nd2 73. hxg5 Kxg5 74. Kh3 Nc4 75.
Kg3 Nb6 76. Kh3 Na8 77. Kg3 Nb6 78. Kh3 Na4 79. Kg3 Nb2 80. Kh3 Nd1 81. Kg3 Ne3 82.
Kh3 Nf1 83. Kg2 Nd2 84. Kh3 Ne4 85. Kg2 Nf6 86. Kh3 Nh7 87. Kg2 Nf8 88. Kh3 Ne6 89. Kg2 Nd4 90. Kh3 Ne2 91. Kg2 Nf4+ 92. Kg3 Nh5+ 93.
Kh2 Kh6 94. gxh5 Kg5 95. h6 Kxh6 1/2-1/2

[Event "*** SCC Grand Prix: Titled Tuesday Blitz"]
[Site "Chess.com"]
[Date "2020.07.14"]
[Round "10"]
[White "Margarita2907"]
[Black "HanSchut"]
[Result "1/2-1/2"]
[WhiteElo "2082"]
[BlackElo "2290"]
[TimeControl "180+1"]
[EndTime "12:00:31 PDT"]
[Termination "Game drawn by stalemate"]

1. e4 c5 2. Nf3 d6 3. d4 cxd4 4. Nxd4 Nf6 5. Nc3 a6 6. Be2 e5 7. Nb3 Be7 8. O-O O-O 9. Be3 Be6 10. Qd3 Nbd7 11. Nd5 Bxd5 12. exd5 Rc8 13. c4 b6 14.
Rac1 a5 15. a4 Ne8 16. f4 f5 17. fxe5 Nxe5 18. Qd4 Bf6 19. Qxb6 Qxb6 20. Bxb6 Rb8 21. c5 dxc5 22. Bxc5 Rxb3 23. Bxf8 Kxf8 24. Rc8 Ke7 25.
Bb5 Nd6 26. Rb8 Rxb2 27. Rc1 Nec4 28. Ra8 Bd4+ 29. Kh1 Nxb5 30. axb5 Rxb5 31. g3 Ne3 32. Ra6 Rxd5 33. Rc7+ Rd7 34. Rxd7+ Kxd7 35. Rxa5 Ke6 36.
Ra4 Ke5 37. Kg1 Ke4 38. Kf2 h5 39. h4 Nd5+ 40. Kg2 f4 41. gxf4 Nxf4+ 42. Kg3 Ne2+ 43. Kh3 Kf3 44. Ra5 Be3 45. Kh2 Nf4 46. Rg5 g6 47. Ra5 Bf2 48. Ra3+ Kg4 49. Ra4 Bxh4 50. Kg1 Bg5 51.
Rb4 h4 52. Kh1 h3 53. Rb3 Bf6 54. Rb6 Bd4 55. Rb3 g5 56. Rb4 Bf2 57. Rb2 Bh4 58. Rb4 Kg3 59. Rb3+ Kg4 60. Rb4 Bf2 61. Rb3 Bd4 62.
Rb4 Be3 63. Rb3 Kf3 64. Rb4 g4 65. Rb3 Ne2 66. Rb2 Bf4 67. Rb3+ Kf2 68. Rb2 Be3 69.
Rb3 g3 70. Rxe3 Kxe3 1/2-1/2

[Event "*** SCC Grand Prix: Titled Tuesday Blitz"]
[Site "Chess.com"]
[Date "2020.07.14"]
[Round "10"]
[White "Titus369"]
[Black "temus_galaktionov"]
[Result "0-1"]
[WhiteElo "2524"]
[BlackElo "2678"]
[TimeControl "180+1"]
[EndTime "12:00:36 PDT"]
[Termination "temus_galaktionov won on time"]

1. e4 c6 2. d4 g6 3. Nf3 Bg7 4. h3 d6 5. Nbd2 Nd7 6. c3 Ngf6 7. Bd3 e5 8. dxe5 dxe5 9. Nc4 Qe7 10. Bc2 O-O 11.
Qd6 Qxd6 12. Nxd6 Nc5 13. b4 Ne6 14. Be3 Ne8 15. O-O-O Nxd6 16. Rxd6 a5 17. a3 Re8 18.
Kb2 h6 19. Rhd1 axb4 20. axb4 Kf8 21. Bb3 Ke7 22. R6d3 Kf6 23. Nd2 b5 24. Rd6 Ra6 25. Ra1 Rxa1 26. Kxa1 Bb7 27. Rd7 Ra8+ 28. Kb2 Bc8 29.
Ra7 Rxa7 30. Bxa7 Nf4 31. Nf3 Nxg2 32. Bb8 Ke7 33. Bxe5 f6 34. Bg3 Bxh3 35. Nd4 Bd7 36. Bd1 h5 37. Bf3 Ne1 38. Be2 Bh6 39. e5 fxe5 40. Bxe5 h4 41. c4 bxc4 42. Bxc4 h3 43. Bf1 Bd2 44. Bxh3 Bxh3 45. Nxc6+ Ke6 46. Bc3 Bxc3+ 47.
Kxc3 Nf3 48. b5 Kd6 49. Nd8 Bf5 50. b6 Ne5 51. f4 Nd7 52. Kd4 Nxb6 53. Nf7+ Ke6 54.
Ng5+ Ke7 55. Nf3 Nd7 56. Nh4 Ke6 57. Nf3 Nf6 58. Ng5+ Ke7 59. Nf3 Ng4 60. Nh4 Kf6 61. Nf3 Nf2 62. Ng5 Nh3 63. Nf3 Nxf4 64. Ke3 Ne6 65. Kf2 Bg4 66. Nh4 g5 67. Ng2 Nf4 68.
Ne3 Be6 69. Kg3 Ke5 70. Nc2 Ke4 71. Nb4 g4 72. Nc6 Ne2+ 73. Kg2 Kf4 74. Ne7 g3 75. Ng6+ Ke3 76. Nh4 Bd5+ 77. Kh3 Kf2 78. Kg4 Be6+ 79.
Kg5 Bc8 80. Kf6 Nd4 81. Kg5 Nf3+ 0-1

[Event "*** SCC Grand Prix: Titled Tuesday Blitz"]
[Site "Chess.com"]
[Date "2020.07.14"]
[Round "10"]
[White "Anton_Demchenko"]
[Black "warmoatmeal"]
[Result "1-0"]
[WhiteElo "2792"]
[BlackElo "2356"]
[TimeControl "180+1"]
[EndTime "12:00:36 PDT"]
[Termination "Anton_Demchenko won by resignation"]

1. e4 c6 2. d4 d5 3. Nd2 dxe4 4. Nxe4 Nf6 5. Nxf6+ exf6 6. c3 Bd6 7. Bd3 O-O 8.
Qc2 Re8+ 9. Ne2 h5 10. h3 Nd7 11. O-O h4 12. Bf4 Nf8 13. Bxd6 Qxd6 14. Rfe1 Bd7 15. Rad1 Re7 16. Nc1 Rae8 17. Rxe7 Rxe7 18. Qd2 Ng6 19. Ne2 a5 20. c4 b6 21. b3 f5 22. Bc2 Kf8 23.
Bd3 Kg8 24. Qc2 Nf4 25. Nxf4 Qxf4 26. Bf1 g6 27. Qc3 Kh7 28. a3 g5 29. c5 b5 30. d5 g4 31. Qf6 Qe5 32. Qxh4+ Kg7 33. hxg4 fxg4 34. dxc6 Bxc6 35. Qxg4+ Kf8 36. b4 axb4 37.
axb4 Re6 38. Qd4 Qxd4 39. Rxd4 Re1 40. f3 Rb1 41. Kf2 f6 42. Bd3 Rb2+ 43. Kg3 Be8 44. Be4 Rb3 45. Kf4 Ke7 46. g4 Bd7 47. Bd5 Rc3 48. Re4+ Kd8 49. Be6 Be8 50. Rd4+ Ke7 51.
Bd5 Bd7 52. Be4 Be8 53. Bb7 Bd7 54. Re4+ Kd8 55. Bd5 Rc1 56. Be6 Be8 57. Kf5 Ke7 58. Bd5+ Kd8 59. Kxf6 Rc3 60. f4 Rg3 61. g5 Bd7 62.
Be6 Rf3 63. f5 Bxe6 64. Kxe6 Kc7 65. g6 Rc3 66. Ke5 Rg3 67. Kf6 Re3 68. Rxe3 Kc6 69. Re6+ Kd5 70. Re1 1-0

[Event "*** SCC Grand Prix: Titled Tuesday Blitz"]
[Site "Chess.com"]
[Date "2020.07.14"]
[Round "10"]
[White "Legendinunknown"]
[Black "crescentmoon2411"]
[Result "1/2-1/2"]
[WhiteElo "2613"]
[BlackElo "2830"]
[TimeControl "180+1"]
[EndTime "12:00:40 PDT"]
[Termination "Game drawn by repetition"]

1. d4 Nf6 2. c4 e6 3. Nf3 d5 4. Nc3 Be7 5. Bf4 O-O 6. e3 Nbd7 7. c5 c6 8. h3 b6 9. b4 a5 10. a3 h6 11. Bd3 Ba6 12. Bxa6 Rxa6 13. b5 cxb5 14. c6 b4 15. Nb5 Nc5 16. axb4 Nce4 17.
O-O Bxb4 18. Qa4 Qe7 19. Rfc1 Rc8 20. Ne5 Bd6 21. c7 Bxe5 22. Bxe5 Ne8 23. Rc6 Qd7 24. Rac1 Nd2 25. Na3 Nc4 26. Qb5 Raa8 27. Nxc4 dxc4 28. R1xc4 Nxc7 29. Qxb6 Nd5 30. Rxc8+ Rxc8 31. Rxc8+ Qxc8 32. Qxa5 f6 33. Bg3 Qd7 34. Kh2 Kf7 35. e4 Ne7 36.
Qc5 Qc6 37. Bd6 Qxc5 38. Bxc5 Nc6 39. Kg3 h5 40. Kf3 g6 41. Ke3 Ke8 42. Kd3 Kd7 43. Kc4 Na5+ 44. Kb4 Nc6+ 45. Kb5 Nd8 46. f4 f5 47. e5 Nf7 48. h4 Nh6 49. Bb4 Ng4 50. Kc5 Ne3 51. g3 Nd5 52. Ba5 Ne3 53. Bd2 Nd5 54. Bc1 Ne7 55. Be3 Nd5 56. Bf2 Nc3 57. Be1 Nd5 58. Kc4 Ne3+ 59. Kd3 Nd5 60. Kc4 Kc6 61. Bd2 Nb6+ 62. Kb4 Kd5 63. Kb5 Nc4 64. Bc3 Ne3 65. Kb6 Nc2 66. Kc7 Kc4 67. Bb2 Kd5 68. Kd7 Ne3 69. Ke7 Nf1 70. Kf6 Nxg3 71. Kxg6 Ke4 72.
Kf6 Ne2 73. Kxe6 Nxf4+ 74. Kf6 Nd5+ 75. Kf7 f4 76. e6 f3 77. e7 Nxe7 78. Kxe7 f2 79. d5 f1=Q 80. d6 Qb5 81. d7 Qb7 82. Ke8 Qc6 83. Ke7 Qc5+ 84. Ke8 Qb5 85. Ke7 Qb4+ 86.
Ke8 Qb5 87. Ke7 1/2-1/2

[Event "*** SCC Grand Prix: Titled Tuesday Blitz"]
[Site "Chess.com"]
[Date "2020.07.14"]
[Round "10"]
[White "dpopadic"]
[Black "PotapovaM"]
[Result "1-0"]
[WhiteElo "2329"]
[BlackElo "2463"]
[TimeControl "180+1"]
[EndTime "12:00:42 PDT"]
[Termination "dpopadic won by checkmate"]

1. e4 a6 2. Nc3 g6 3. f4 Bg7 4. Nf3 d6 5. a4 Nc6 6. Bc4 Nf6 7. h3 O-O 8. O-O e6 9. Bb3 Qe7 10. d3 b6 11. Qe1 Bb7 12. Qh4 Rad8 13. Bd2 d5 14. e5 Nd7 15. Qg3 Qe8 16. Kh1 Ne7 17. Nh4 c5 18. Rae1 Rc8 19. Ba2 Nb8 20. b3 Nbc6 21. Ne2 d4 22. Qf2 Qd8 23. Nf3 Qd5 24. Ng3 Nf5 25. Ne4 Ba8 26. g4 Nfe7 27. g5 Nf5 28.
Kh2 b5 29. axb5 axb5 30. Rg1 Nb4 31. Bb1 c4 32. bxc4 bxc4 33. Bxb4 Rfd8 34. Ba2 Ne3 35.
Nd6 Rb8 36. Ba3 Qxf3 37. Qxf3 Bxf3 38. Nxc4 Nxc2 39. Rc1 Nxa3 40. Nxa3 Rb2+ 41. Rc2 Rxc2+ 42. Nxc2 Ra8 43. Bc4 h5 44. Nxd4 Bb7 45. Rb1 Bc8 46.
Nc6 Bf8 47. Rb8 Rxb8 48. Nxb8 Bb7 49. Kg3 Bc5 50. Nd7 Bg1 51. Nf6+ Kf8 52. Ne4 Ke7 53.
Kg2 Bb6 54. Kf3 Ba8 55. Bb5 Bd5 56. Ke2 h4 57. Bc4 Bc6 58. Ba6 Ba4 59. Bc4 Bc6 60.
Nd6 Bg2 61. Nc8+ Kd8 62. Nxb6 Bxh3 63. Kf2 Bg4 64. Na4 Kc7 65. Bb5 Kb7 66. Be8 Bf5 67. d4 Ka6 68. Bxf7 Kb5 69. Nc5 Kc4 70. Bxe6+ Bxe6 71. Nxe6 Kd5 72. Nf8 Kxd4 73. Nxg6 Kd5 74. Nxh4 Ke6 75. Kg3 Kd5 76. Kg4 Ke6 77. g6 Ke7 78. Kg5 Kf8 79. f5 Kg8 80. f6 Kf8 81. Nf5 Kg8 82. f7+ Kf8 83. g7+ Kxf7 84. e6+ Kg8 85.
e7 Kh7 86. g8=Q+ Kxg8 87. e8=Q+ Kh7 88. Qe7+ Kh8 89. Qg7# 1-0

[Event "*** SCC Grand Prix: Titled Tuesday Blitz"]
[Site "Chess.com"]
[Date "2020.07.14"]
[Round "10"]
[White "profofchess"]
[Black "tk22h"]
[Result "1-0"]
[WhiteElo "2470"]
[BlackElo "2318"]
[TimeControl "180+1"]
[EndTime "12:00:45 PDT"]
[Termination "profofchess won on time"]

1. e4 e5 2. Nf3 Nc6 3. Nc3 Nf6 4. Bb5 Bb4 5. O-O O-O 6. d3 Bxc3 7. bxc3 d6 8. Re1 Bd7 9. d4 Qe7 10. a4 a6 11. Bd3 Bg4 12. Bb2 Rad8 13. h3 Bc8 14.
Ba3 Rfe8 15. Rb1 g6 16. Qd2 Nh5 17. Qh6 Qf8 18. Qxf8+ Kxf8 19. g3 Kg7 20. Kg2 b6 21. Bc1 a5 22. Bg5 f6 23. Bd2 Bd7 24. Bb5 Ne7 25.
g4 Nf4+ 26. Bxf4 exf4 27. c4 Ng8 28. Nd2 g5 29. Bxd7 Rxd7 30. Kf3 Rde7 31. Rb5 Nh6 32. Reb1 Nf7 33. Re1 h5 34. Nb1 Rh8 35. Kg2 hxg4 36.
hxg4 Rh4 37. f3 Kg6 38. Rh1 Rxh1 39. Kxh1 Re8 40. Kg2 Rh8 41. Nc3 Kg7 42. Rb1 Nd8 43. Nd5 Ne6 44. c3 Kf7 45. Re1 Kg7 46. Rb1 Kf7 47. Rb2 Kg7 48. Re2 Kf7 49. Rc2 Kg7 50. Rd2 Kf7 51. Re2 Kg7 52. e5 fxe5 53. dxe5 dxe5 54.
Rxe5 Nc5 55. Re7+ Kg6 56. Rxc7 Nxa4 57. Rc6+ Kg7 58. Nxb6 Nxc3 59. c5 Rd8 60. Nc4 Rd4 61. Nxa5 Rd2+ 62. Kf1 Nd5 63. Rd6 Ne3+ 64. Ke1 Ra2 65.
Nc6 Rc2 66. Nd4 Rc4 67. Kd2 Kf7 68. Nb3 Rc2+ 69. Kd3 Rb2 70. Kc3 Rc2+ 71. Kb4 Rc4+ 72. Kb5 Rc3 73. Nd4 Rc1 74. c6 Nd1 75. Kb6 Nb2 76. Kb7 Nc4 77. Rd7+ Ke8 78. Rh7 Nd6+ 79. Kc7 Nc4 80. Rh8+ Kf7 81. Rh7+ Kg8 82. Rd7 Na5 83. Rd8+ Kf7 84. Kb6 Nc4+ 85. Ka7 Ne5 86. c7 1-0

[Event "*** SCC Grand Prix: Titled Tuesday Blitz"]
[Site "Chess.com"]
[Date "2020.07.14"]
[Round "10"]
[White "Maxim_e2e4"]
[Black "novocane"]
[Result "1-0"]
[WhiteElo "2409"]
[BlackElo "2266"]
[TimeControl "180+1"]
[EndTime "12:00:47 PDT"]
[Termination "Maxim_e2e4 won by resignation"]

1. e4 c5 2. Nf3 Nc6 3. d4 cxd4 4. Nxd4 e5 5. Nb5 d6 6. c4 Be7 7. N5c3 Be6 8. Be2 Bg5 9. Bxg5 Qxg5 10. Nb5 Rd8 11.
Nc7+ Kf8 12. O-O Nf6 13. Nc3 Nd4 14. Nxe6+ fxe6 15. f4 Qh6 16. c5 Nxe2+ 17. Qxe2 exf4 18. cxd6 e5 19. Qb5 Ng4 20. h3 Ne3 21. Qxe5 Rxd6 22. Rxf4+ Rf6 23. Rxf6+ gxf6 24. Qc5+ Kg7 25. Qe7+ Kg6 26.
Re1 Qg5 27. Re2 Rc8 28. Qe6 Rd8 29. Nd5 Nxd5 30. exd5 Qxd5 31. Qg4+ Qg5 32. Qxg5+ fxg5 33. Re7 Rd1+ 34. Kh2 Rd2 35. Rxb7 a5 36. a3 a4 37. Rb4 h5 38. h4 gxh4 39. Rxh4 Rxb2 40. Rxa4 Ra2 41. Ra5 Rb2 42. Kh3 Rb3+ 43. Kh4 Rb2 44.
Ra6+ Kf5 45. Kh3 Kg5 46. g3 Ra2 47. Ra5+ Kg6 48. Ra6+ Kg5 49. a4 Ra3 50. Ra5+ Kg6 51. Kh4 Ra2 52. Rg5+ Kf6 53. Kxh5 Rh2+ 54. Kg4 Ra2 55.
Rf5+ Kg6 56. Rf4 Rb2 57. Rc4 Ra2 58. Rc6+ Kf7 59. Rc7+ Kg6 60. Rc4 Rg2 61. Rc6+ Kg7 62. a5 Ra2 63. a6 Ra5 64. Rc7+ Kg6 65. a7 Ra4+ 66. Kh3 Ra3 67. Rb7 Ra4 68. Kg2 Ra3 69.
Kf2 Kg5 70. Ke2 Kg4 71. Kd2 Kxg3 72. Kc2 Kf4 73. Kb2 Ra6 74. Kb3 Ke5 75. Kb4 Ra1 76. Rb5+ Kd6 77. Ra5 Rb1+ 78. Kc3 Rc1+ 79. Kd2 1-0

[Event "*** SCC Grand Prix: Titled Tuesday Blitz"]
[Site "Chess.com"]
[Date "2020.07.14"]
[Round "10"]
[White "Yoshikrov"]
[Black "jannat65"]
[Result "1-0"]
[WhiteElo "2099"]
[BlackElo "1822"]
[TimeControl "180+1"]
[EndTime "12:00:53 PDT"]
[Termination "Yoshikrov won by checkmate"]

1. e4 c5 2. Nf3 Nc6 3. d4 cxd4 4. Nxd4 Nf6 5. Nc3 e5 6. Ndb5 d6 7. Bg5 a6 8. Na3 b5 9. Bxf6 gxf6 10. Nd5 f5 11. c3 fxe4 12. Bxb5 Bb7 13. Ba4 Bg7 14.
Nc4 O-O 15. Ndb6 Rb8 16. Qxd6 Qg5 17. Bxc6 Rfd8 18. Bd7 e3 19. Nxe3 Bf8 20. Qc7 Be4 21.
Rd1 Kh8 22. h4 Qf6 23. Nbd5 Bxd5 24. Nxd5 Qg6 25. Qxe5+ Bg7 26. Qf5 Re8+ 27. Kf1 Qh6 28.
g4 Red8 29. g5 Qd6 30. Ne3 Qb6 31. h5 Qxb2 32. h6 Bxc3 33. Kg2 Qb7+ 34. Kg1 Qc7 35. Nd5 Qe5 36. Qxe5+ Bxe5 37. Nf6 Bxf6 38. gxf6 Rb7 39. Bg4 Rxd1+ 40. Bxd1 Rb6 41. Kg2 Rxf6 42. Bf3 Rg6+ 43. Kf1 Kg8 44. Ke2 Kf8 45. Rh5 Ke7 46. a4 Re6+ 47. Kd3 Kd6 48. a5 Kc7 49. Kc4 Rf6 50. Rh3 Rg6 51. Bd5 Rg4+ 52. Kc5 Rg5 53. f4 Rg1 54.
Bxf7 Rc1+ 55. Kd4 Rf1 56. Ke4 Ra1 57. Bg8 Rxa5 58. Bxh7 Ra4+ 59. Kf3 Rb4 60. Kg4 Rc4 61. Bf5 Rd4 62. h7 Rd8 63. h8=Q Rxh8 64. Rxh8 a5 65. Rh6 a4 66. Bb1 a3 67. Ba2 Kb7 68. f5 Kc7 69. Re6 Kd7 70. Re1 Kd6 71. f6 Kd7 72. f7 Kd6 73. f8=Q+ Kd7 74. Qf2 Kc7 75. Qd2 Kc6 76.
Rc1+ Kb6 77. Rc3 Kb5 78. Rxa3 Kc5 79. Rc3+ Kb4 80. Qb2+ Ka4 81. Ra3# 1-0